Map: [ESL] Goldenaura

Players

SKillous - Winner!

  • Race: Protoss Protoss
  • Spawn Location: 5:00

Elazer

  • Race: Zerg Zerg
  • Spawn Location: 12:00

Event: ESL SC2 Masters 2024 Spring (Regional)

VOD

Have the link to the VOD?

Description

Time

  • Played on: April 12, 2024, 11:49 a.m.
  • Length: 7:34

All games in this series

Show
View Real Time Build Order
Export as new Build Order

SKillous Protoss - Winner!

Build Orders: 1 Gate Expand, Oracle Opening 

Get SALT Encoding   

  12  0:00  Probe  
  13  0:13  Pylon  
  13  0:17  Probe (Chrono Boost)  
  14  0:26  Probe (Chrono Boost)  
  15  0:29  Assimilator  
  15  0:31  Probe (Chrono Boost)  
  16  0:43  Gateway  
  16  0:44  Probe  
  17  0:50  Assimilator  
  17  0:56  Probe  
  18  1:08  Probe  
  19  1:20  Probe  
  20  1:26  Nexus  
  20  1:36  Cybernetics Core  
  20  1:39  Probe  
  21  1:48  Assimilator  
  21  1:51  Probe  
  22  1:55  Pylon  
  22  2:03  Probe  
  23  2:10  Adept (Chrono Boost)  
  25  2:16  Probe  
  26  2:28  Stargate, Probe  
  27  2:33  Adept  
  29  2:40  Probe (Chrono Boost)  
  31  2:45  Probe (Chrono Boost)  
  31  2:47  Warp Gate  
  31  2:50  Probe (Chrono Boost)  
  32  2:53  Probe (Chrono Boost)  
  32  2:55  Probe (Chrono Boost)  
  34  3:04  Probe  
  37  3:07  Probe  
  37  3:09  Oracle (Chrono Boost)  
  41  3:16  Pylon, Probe  
  41  3:19  Probe  
  41  3:30  Probe  
  41  3:32  Nexus, Probe  
  43  3:37  Oracle (Chrono Boost)  
  46  3:42  Probe  
  46  3:44  Probe  
  48  3:49  Gateway  
  48  3:54  Probe  
  49  3:56  Probe  
  49  3:57  Pylon  
  50  4:05  Assimilator  
  50  4:06  Probe  
  50  4:07  Assimilator  
  50  4:09  Probe  
  52  4:13  Oracle (Chrono Boost)  
  55  4:17  Pylon  
  55  4:19  Probe  
  55  4:22  Probe  
  57  4:31  Probe (Chrono Boost)  
  57  4:36  Probe (Chrono Boost)  
  55  4:43  Probe (Chrono Boost)  
  53  4:49  Robotics Facility  
  53  4:50  Forge  
  53  4:51  Probe (Chrono Boost), Adept  
  53  4:52  Stalker, Probe (Chrono Boost)  
  60  4:53  Twilight Council, Probe (Chrono Boost)  
  60  4:57  Pylon  
  60  4:59  Probe (Chrono Boost)  
  63  5:04  Probe x2 (Chrono Boost)  
  63  5:06  Probe (Chrono Boost)  
  64  5:07  Gateway  
  64  5:09  Gateway  
  64  5:10  Probe (Chrono Boost)  
  64  5:13  Probe (Chrono Boost)  
  66  5:14  Probe (Chrono Boost)  
  66  5:15  Adept  
  66  5:16  Adept  
  71  5:24  Protoss Ground Weapons Level 1  
  71  5:25  Probe (Chrono Boost)  
  71  5:26  Probe (Chrono Boost)  
  74  5:29  Assimilator  
  74  5:31  Assimilator  
  74  5:32  Probe (Chrono Boost)  
  74  5:39  Observer (Chrono Boost)  
  74  5:41  Probe (Chrono Boost)  
  74  5:42  Charge  
  77  5:46  Robotics Bay, Adept x2  
  77  5:47  Probe (Chrono Boost)  
  77  5:49  Shield Battery  
  80  5:50  Pylon  
  80  5:51  Probe (Chrono Boost)  
  80  5:52  Pylon, Probe (Chrono Boost)  
  82  5:57  Immortal (Chrono Boost)  
  88  6:11  Stalker x4, Shield Battery  
  91  6:22  Photon Cannon  
  91  6:23  Photon Cannon, Shield Battery  
  91  6:26  Photon Cannon  
  91  6:30  Disruptor (Chrono Boost)  
  91  6:35  Pylon  
  91  6:36  Sentry  
  91  6:39  Probe  
  98  6:40  Stalker  
  98  6:41  Zealot x2  
  98  6:45  Shield Battery  
  104  6:47  Pylon  
  104  6:48  Photon Cannon, Shield Battery  
  104  6:50  Probe  
  107  7:03  Stalker x3  
  107  7:04  Zealot  
  110  7:10  Probe x2  
  110  7:13  Probe  
  113  7:22  Probe  
  114  7:23  Gateway  
  114  7:24  Zealot  
  114  7:25  Gateway x2  
  114  7:27  Zealot x2  
Show
View Real Time Build Order
Export as new Build Order

Elazer Zerg 

Build Orders: Hatch First 

Get SALT Encoding   

  12  0:00  Drone  
  13  0:08  Drone  
  14  0:33  Hatchery  
  13  0:36  Drone  
  13  0:42  Extractor  
  13  0:43  Drone  
  15  0:50  Overlord  
  15  1:04  Spawning Pool  
  15  1:08  Drone  
  15  1:12  Drone  
  15  1:16  Drone  
  17  1:20  Drone  
  18  1:30  Drone  
  19  1:42  Drone  
  20  1:51  Queen x2  
  20  1:52  Zergling x2  
  25  1:54  Drone  
  25  1:59  Drone  
  27  2:03  Overlord  
  27  2:11  Drone  
  28  2:25  Drone x3  
  31  2:32  Hatchery  
  31  2:34  Queen  
  32  2:43  Overlord  
  34  2:44  Drone x2  
  34  2:46  Drone  
  35  2:55  Drone  
  35  2:59  Extractor  
  35  3:00  Drone  
  35  3:01  Drone  
  35  3:02  Drone  
  35  3:04  Overlord  
  37  3:06  Queen  
  37  3:10  Drone  
  37  3:12  Queen  
  42  3:17  Zergling x4  
  45  3:27  Zergling x2  
  45  3:28  Drone  
  45  3:33  Zergling x2, Overlord  
  47  3:36  Drone x3  
  50  3:47  Drone x5  
  55  3:48  Spore Crawler  
  55  3:50  Queen  
  55  3:52  Overlord  
  56  4:01  Drone x3  
  59  4:03  Extractor  
  59  4:05  Drone  
  59  4:08  Spore Crawler  
  59  4:09  Drone  
  59  4:13  Drone x6  
  59  4:16  Drone  
  66  4:21  Metabolic Boost, Spore Crawler, Drone x2  
  66  4:23  Drone  
  63  4:36  Spore Crawler  
  63  4:37  Spore Crawler  
  57  4:40  Drone x7  
  57  4:44  Drone x3  
  67  4:46  Drone  
  67  4:47  Drone x2  
  67  4:48  Drone  
  67  4:49  Drone  
  72  4:54  Roach Warren  
  72  4:57  Overlord  
  71  5:00  Extractor  
  71  5:01  Extractor  
  71  5:04  Zergling x6  
  71  5:06  Extractor  
  71  5:08  Extractor, Queen  
  71  5:11  Zergling x4  
  74  5:15  Overlord, Lair  
  74  5:17  Overlord  
  74  5:20  Overlord  
  74  5:24  Overlord  
  74  5:25  Overlord  
  74  5:35  Roach x4  
  76  5:44  Roach x7  
  89  5:50  Roach  
  89  5:55  Roach x3  
  97  5:59  Zergling x10  
  97  6:03  Zergling x2  
  103  6:08  Zergling x4  
  105  6:14  Ravager x3  
  105  6:15  Zergling x8  
  110  6:22  Ravager  
  110  6:23  Zergling x2  
  110  6:24  Overlord x2  
  112  6:27  Ravager  
  112  6:28  Zergling x2  
  112  6:30  Overlord  
  113  6:43  Zergling x18, Queen  
  113  6:44  Queen  
  126  6:47  Ravager x2  
  126  6:48  Ravager x2  
  130  6:55  Zergling x10  
  129  7:05  Zergling x6  
Tags
 
Add a new tag
Caveats
  • Supply blocks, unpowered buildings, or Contaminate may cause inaccurate times.
  • Supply counts are checked every 10 seconds.